 Dungeon Crawl Stone Soup version 0.27-a0-1321-gd358eaa319 (webtiles) character file.

Game seed: 135659959622374282

81 BlueGoblin the Quickloader (level 4, -5/38 HPs)
             Began as a Gnoll Hunter on June 22, 2021.
             Engulfed by a steam dragon's steam (10 damage)
             ... on level 3 of the Dungeon.
             The game lasted 00:09:05 (4798 turns).

BlueGoblin the Quickloader (Gnoll Hunter)           Turns: 4798, Time: 00:09:05

Health: -5/38      AC:  3    Str: 11    XL:     4   Next: 42%
Magic:  5/5        EV: 13    Int: 10    God:
Gold:   103        SH:  0    Dex: 14    Spells: 5/5 levels left

rFire    . . .     SeeInvis .   a - +1 hand crossbow
rCold    . . .     Faith    .   (no shield)
rNeg     . . .     Spirit   .   c - +0 leather armour
rPois    .         Reflect  .   (no helmet)
rElec    .         Harm     .   (no cloak)
rCorr    .         Rampage  .   (no gloves)
Will     .....                  (no boots)
Stlth    ++........             (no amulet)
HPRegen  0.12/turn              (no ring)
MPRegen  0.09/turn              (no ring)

@: flying
A: fangs 1, strong nose, distributed training
a: no special abilities


You were on level 3 of the Dungeon.
You visited 1 branch of the dungeon, and saw 3 of its levels.

You collected 103 gold pieces.

Inventory:

Hand Weapons
 a - a +1 hand crossbow (weapon)
 b - a +0 dagger of draining
 k - a +0 hunting sling
 l - a +2 short sword of distortion
 m - a +0 short sword
Missiles
 d - 17 bolts (quivered ammo)
 f - 2 javelins
 h - 17 poisoned darts
 i - 104 stones
 n - 7 silver javelins
Armour
 c - a +0 leather armour (worn)
Scrolls
 g - 3 scrolls of amnesia
 r - a scroll of teleportation
Potions
 e - a potion of attraction {unknown}
 o - a potion of might {unknown}


   Skills:
 + Level 4.6 Fighting
 + Level 1.1 Short Blades
 + Level 1.1 Long Blades
 + Level 1.1 Axes
 + Level 1.1 Maces & Flails
 + Level 1.1 Polearms
 + Level 1.1 Staves
 + Level 1.1 Slings
 + Level 1.1 Bows
 + Level 8.5 Crossbows
 + Level 1.1 Throwing
 + Level 1.1 Armour
 + Level 4.6 Dodging
 + Level 2.5 Stealth
 + Level 1.1 Shields
 + Level 1.1 Unarmed Combat
 + Level 1.1 Spellcasting
 + Level 0.9 Conjurations
 + Level 0.9 Hexes
 + Level 0.9 Summonings
 + Level 0.9 Necromancy
 + Level 0.9 Translocations
 + Level 0.9 Transmutations
 + Level 0.9 Fire Magic
 + Level 0.9 Ice Magic
 + Level 0.9 Air Magic
 + Level 0.9 Earth Magic
 + Level 0.9 Poison Magic
 + Level 1.2 Invocations
 + Level 1.1 Evocations


You had 5 spell levels left.
You didn't know any spells.
Your spell library was empty.

Dungeon Overview and Level Annotations

Branches:
Dungeon (3/15)

Altars:
Nemelex Xobeh
Xom


Innate Abilities, Weirdness & Mutations

You have very sharp teeth.
Your uncanny sense of smell can sniff out nearby items.
Your experience applies equally to all skills.


Message History

* * * LOW HITPOINT WARNING * * *
You close the door.
You start resting.
HP restored.
Press: ? - help, . - travel You can't see that place. [the floor.]
You aren't carrying any items that you can evoke.
Unknown command.
You open the door.
There is an open door here.
You start waiting.
Done waiting.
You start waiting.
Done waiting.
The steam dragon hisses angrily.
a - a +1 hand crossbow (weapon)
You shoot a bolt.
The bolt hits the steam dragon but does no damage.
The steam dragon bites you!
The steam dragon claws you but does no damage.
You shoot a bolt.
The bolt barely misses the steam dragon.
The steam dragon breathes steam at you. The ball of steam misses you.
You shoot a bolt.
The bolt barely misses the steam dragon.
You are engulfed in a cloud of scalding steam.
The steam dragon breathes steam at you. The ball of steam hits you!
* * * LOW HITPOINT WARNING * * *
It was a potion of curing.
You feel better.
You are engulfed in a cloud of scalding steam.
* * * LOW HITPOINT WARNING * * *
The steam dragon barely misses you. x2
It was a potion of flight.
You feel very buoyant.
You fly up into the air.
You are engulfed in a cloud of scalding steam.
You die...

.#######..........# ##+##
.........#####.#### ##...##
##.......# ##D# ##.....##
#.#._8_.# ##..## ##.......##
#.#.....###....###.........#
.............#...'.........+
.#.####...#...#...#.........#
##.# #####.#####D##..>....##
#.# #...#.@§###.....##
###.#§### ##...## #.§.# #+##
#§### #.# #.# #.# ... ..#


You could see a steam dragon (catching breath).

Vanquished Creatures
  An adder (D:2)
  A gnoll (D:1)
  6 bats
  3 endoplasms
  3 giant cockroaches
  5 goblins
  4 hobgoblins
  7 jackals
  3 quokkas
  10 ball pythons
  4 frilled lizards
  8 kobolds
  A rat (D:1)
56 creatures vanquished.

Vanquished Creatures (others)
  2 plants (D:1)
2 creatures vanquished.

Grand Total: 58 creatures vanquished

Notes
Turn   | Place    | Note
-------+----------+-------------------------------------------
     0 | D:1      | BlueGoblin the Gnoll Hunter began the quest for the Orb.
     0 | D:1      | Reached XP level 1. HP: 20/20 MP: 1/1
   453 | D:1      | Reached XP level 2. HP: 14/26 MP: 2/2
  1174 | D:1      | Reached XP level 3. HP: 31/31 MP: 3/3
  1403 | D:1      | Found a faded altar of an unknown god.
  1916 | D:2      | Reached skill level 1 in Invocations
  2289 | D:2      | Reached skill level 1 in Short Blades
  2289 | D:2      | Reached skill level 1 in Long Blades
  2289 | D:2      | Reached skill level 1 in Axes
  2289 | D:2      | Reached skill level 1 in Maces & Flails
  2289 | D:2      | Reached skill level 1 in Polearms
  2289 | D:2      | Reached skill level 1 in Staves
  2289 | D:2      | Reached skill level 1 in Slings
  2289 | D:2      | Reached skill level 1 in Bows
  2289 | D:2      | Reached skill level 1 in Throwing
  2289 | D:2      | Reached skill level 1 in Armour
  2289 | D:2      | Reached skill level 1 in Shields
  2289 | D:2      | Reached skill level 1 in Unarmed Combat
  2289 | D:2      | Reached skill level 1 in Spellcasting
  2289 | D:2      | Reached skill level 1 in Evocations
  2330 | D:2      | Reached XP level 4. HP: 36/38 MP: 5/5
  4265 | D:3      | Found a sparkling altar of Nemelex Xobeh.
  4265 | D:3      | Found a shimmering altar of Xom.
  4322 | D:3      | Noticed a steam dragon
  4798 | D:3      | Engulfed by a steam dragon's steam

Illustrated notes

Levels and vault maps discovered:
D:1:      mrwooster_arrival_statue, layout_basic,
          shapermc_ecumenical_altar_mp_ritualfount
D:2:      layout_loops_corners
D:3:      layout_loops_corners, chequers_temple_overflow_statue_of_worship,
          lemuel_flame_loot_1

Skill      XL: |  1  2  3 |
---------------+----------+-----
Invocations    | 1 |  1.2
Short Blades   | 1 |  1.1
Long Blades    | 1 |  1.1
Axes           | 1 |  1.1
Maces & Flails | 1 |  1.1
Polearms       | 1 |  1.1
Staves         | 1 |  1.1
Slings         | 1 |  1.1
Bows           | 1 |  1.1
Throwing       | 1 |  1.1
Armour         | 1 |  1.1
Shields        | 1 |  1.1
Unarmed Combat | 1 |  1.1
Spellcasting   | 1 |  1.1
Evocations     | 1 |  1.1
Fighting       | |  4.6
Crossbows      | |  8.5
Dodging        | |  4.6
Stealth        | |  2.5
Conjurations   | |  0.9
Hexes          | |  0.9
Summonings     | |  0.9
Necromancy     | |  0.9
Translocations | |  0.9
Transmutations | |  0.9
Fire Magic     | |  0.9
Ice Magic      | |  0.9
Air Magic      | |  0.9
Earth Magic    | |  0.9
Poison Magic   | |  0.9

Action                   |  1- 3 |  4- 6 || total
-------------------------+-------+-------++-------
Melee: Short sword       |   147 |    21 ||   168
       Bite              |    11 |     4 ||    15
       Dagger            |       |    48 ||    48
       Punch             |       |     1 ||     1
 Fire: Hand crossbow     |     9 |     3 ||    12
  Use: Scroll            |     2 |     1 ||     3
       Potion            |       |     2 ||     2
 Stab: Sleeping          |     4 |     3 ||     7
Armor: Leather armour    |    49 |    15 ||    64
Dodge: Dodged            |   123 |    43 ||   166

Table legend: (Time is in decaauts)
 A = Elapsed time spent in this place.
 B = Non-inter-level travel time spent in this place.
 C = Inter-level travel time spent in this place.
 D = Time resting spent in this place.
 E = Time spent auto-exploring this place.
 F = Levels seen in this place.
 G = Mean time per level.
                   A        B        C        D        E       F      G
               +--------+--------+--------+--------+--------+-----+--------+
         Total |   4804 |   4728 |     76 |   2060 |   2055 |   3 | 1601.3 |
       Dungeon |   4804 |   4728 |     76 |   2060 |   2055 |   3 | 1601.3 |
               +--------+--------+--------+--------+--------+-----+--------+

Top non-repeatable levels by time:
     D:1: 2038 daAuts
     D:3: 1554 daAuts
     D:2: 1211 daAuts
